 Dungeon Crawl Stone Soup version 0.28.0-45-g0d030f2227 (webtiles) character file.

Game seed: 3212928913221503542

51 croobank the Skirmisher (level 3, -15/46 HPs)
             Began as a Demigod Fighter on Apr 13, 2022.
             Killed by an exploding Robin (20 damage)
             ... ignited by their inner flame
             ... on level 2 of the Dungeon.
             The game lasted 00:04:21 (1616 turns).

croobank the Skirmisher (Demigod Fighter)           Turns: 1616, Time: 00:04:21

Health: -15/46     AC: 21    Str: 21    XL:     3   Next: 38%
Magic:  5/5        EV:  2    Int: 10    God:
Gold:   57         SH:  4    Dex: 13    Spells: 2/2 levels left

rFire   . . .      SeeInvis .   a - +0 rapier
rCold   . . .      Faith    .   c - +0 buckler
rNeg    + . .      Spirit   .   (armour currently unavailable)
rPois   +          Reflect  .   (helmet currently unavailable)
rElec   .          Harm     .   (cloak currently unavailable)
rCorr   .          Rampage  .   (gloves currently unavailable)
Will    .....      NoTele   +   (boots currently unavailable)
Stlth   +.........              (no amulet)
HPRegen 0.15/turn               f - ring of positive energy
MPRegen 0.09/turn               (no ring)

@: mighty, tree-form
A: stationary, stasis, torment immunity, boosted hp, high MP 1, forlorn, divine
attributes
a: no special abilities


You were on level 2 of the Dungeon.
You were a tree.
You visited 1 branch of the dungeon, and saw 2 of its levels.

You collected 57 gold pieces.

Inventory:

Hand Weapons
 a - a +0 rapier (weapon)
Armour
 b - a +0 scale mail
 c - a +0 buckler (worn)
 e - a +0 chain mail (melded)
Magical Staves
 g - a staff of cold
Jewellery
 f - a ring of positive energy (left branch)


   Skills:
 + Level 3.1 Fighting
 + Level 2.3 Short Blades
 + Level 3.1 Armour
 + Level 3.1 Shields


You had 2 spell levels left.
You didn't know any spells.
Your spell library was empty.

Dungeon Overview and Level Annotations

Branches:
Dungeon (2/15)


Innate Abilities, Weirdness & Mutations

You are a tree.
Your roots penetrate the ground, keeping you stationary.
You cannot be teleported.
You are immune to unholy pain and torment.
Your maximum health is greatly increased.
Your equipment is partially melded.
You have an increased reservoir of magic. (+10% MP)
You shall have no god before yourself.
Your divine heritage dramatically boosts your attributes as you level up.


Message History

You barely miss the endoplasm. You block the goblin's attack.
The goblin hits you but does no damage. The hobgoblin completely misses you.
The endoplasm hits you but does no damage.
Unknown command.
As you read the scroll labelled FANOOT XAQ, it crumbles to dust.
The creatures around you are filled with an inner flame!
It was a scroll of immolation.
The goblin hits you with a +0 dagger.
* * * LOW HITPOINT WARNING * * *
The goblin hits you with a +0 club.
* * * LOW HITPOINT WARNING * * *
The hobgoblin hits you but does no damage.
The endoplasm hits you but does no damage.
As you read the scroll labelled CUARRO FARRAO, it crumbles to dust.
You assume a fearsome visage.
The hobgoblin looks frightened!
Robin resists with some effort.
The goblin looks frightened!
The endoplasm looks frightened!
The goblin looks frightened!
It was a scroll of fear.
Robin throws the goblin at you! Robin barely misses you.
You can't go up here!
Unknown command.
Robin hits you but does no damage.
You climb downwards.
There is a stone staircase leading up, spattered with blood here.
Robin says, "My goblins will feast on your bones."
There is a stone staircase leading up here.
It was a potion of flight.
You feel very buoyant.
You fly up into the air.
Robin hits you but does no damage.
It was a potion of lignification.
You turn into a tree.
Your +0 chain mail melds into your body.
Your roots penetrate the ground.
Robin hits you but does no damage.
You closely miss Robin.
Robin is lightly wounded.
Robin hits you but does no damage.
You puncture Robin!
Flame seeps out of Robin.
Robin is almost dead.
Robin is engulfed in blazing flames.
Robin explodes!
The fiery explosion engulfs you!!
You die...

. ....# .....
.... .#.#
....#######...#
....#$)...#.$.#
.......<......#
#..#.#..§#§#..#
#..._§○§#
#.<..§♣§#
#...#...#
##.....##
###.### ...
..... #######


There were no monsters in sight!

Vanquished Creatures
  Robin (D:2)
  4 ball pythons (D:1)
  2 endoplasms (D:1)
  3 giant cockroaches (D:1)
  8 hobgoblins (D:1)
  3 jackals (D:1)
  3 quokkas (D:1)
  4 bats (D:1)
  8 goblins
  4 kobolds (D:1)
  4 rats (D:1)
44 creatures vanquished.

Notes
Turn   | Place    | Note
-------+----------+-------------------------------------------
     0 | D:1      | croobank the Demigod Fighter began the quest for the Orb.
     0 | D:1      | Reached XP level 1. HP: 18/18 MP: 3/3
   233 | D:1      | Reached XP level 2. HP: 25/25 MP: 4/4
   968 | D:1      | Reached XP level 3. HP: 26/31 MP: 5/5
  1365 | D:2      | Noticed Robin
  1616 | D:2      | Killed Robin
  1616 | D:2      | Killed by an exploding Robin... ignited by their inner
                  | flame

Illustrated notes

Levels and vault maps discovered:
D:1:      dpeg_arrival_radiant, layout_rooms, kennysheep_small_spiral,
          fountainhead
D:2:      layout_rooms, nicolae_ecumenical_pavilion, uniq_robin

Skill      XL: |  1  2 |
---------------+-------+-----
Short Blades   | 2 |  2.3
Fighting       | 3 |  3.1
Armour         | 3 |  3.1
Shields        | 3 |  3.1

Action                   || total
-------------------------++-------
Melee: Rapier            ||   168
  Use: Potion            ||     3
       Scroll            ||     2
Armor: Scale mail        ||    20
       Chain mail        ||   130
       Skin              ||     2
Dodge: Dodged            ||    99
Block: Buckler           ||    64
